AoeStats
← 西格玛啊基

Fortress

508736767Analyzed
4v4 RM · 9d ago on Sep 23, 2026· 22m 42s· 8 players
Game mode
Random Map
Map size
Huge
Population
200
Speed
Normal
Resources
Standard
Victory
Conquest
Starting age
Dark Age
Ending age
Imperial Age
RankedLock teamsTeams togetherTeam positionsShared explorationLock speedFull tech treeHidden civsTurbo modeCheats
Victory
Defeat
🇮🇹 Bohemians · Italy
1269
+13
🇮🇹 Italians · Italy
1266
+13
🇮🇹 Turks · Italy
1206
+16
🇮🇹 Malians · Italy
1187
+16
🇵🇪 Byzantines · Peru
1229
-16
🇲🇽 Bulgarians · Mexico
1195
-14
🇲🇽 Franks · Mexico
1186
-14
🇺🇸 Varangians · United States
1183
-14
西格玛啊基
7:47 Feudal Age
9:08 Loom
11:43 Castle Age
9:47 Double-Bit Axe
10:03 Horse Collar
14:59 Bow Saw
21:57 Wheelbarrow
21:16 Gold Mining
22:39 Stone Mining
Cochiloco2000
0:39 Loom
9:48 Feudal Age
10:35 Double-Bit Axe
13:27 Castle Age
15:45 Scale Barding Armor
15:50 Forging
15:42 Scale Mail Armor
17:56 Fletching
18:04 Pikeman
18:30 Gambesons
20:51 Padded Archer Armor
Queondacompa
0:46 Loom
6:54 Feudal Age
7:15 Horse Collar
7:23 Double-Bit Axe
13:27 Castle Age
11:40 Stone Mining
12:16 Town Watch
12:34 Gold Mining
13:29 Fletching
15:14 Wheelbarrow
15:41 Heavy Plow
16:29 Bow Saw
17:50 Bodkin Arrow
18:28 Forging
19:58 Hand Cart
Execute290
7:40 Feudal Age
11:39 Castle Age
10:50 Scale Mail Armor
11:48 Double-Bit Axe
11:51 Horse Collar
14:03 Loom
Zero aspettative
8:32 Feudal Age
12:07 Castle Age
10:03 Double-Bit Axe
10:18 Horse Collar
13:28 Forging
15:38 Iron Casting
19:10 Scale Mail Armor
22:36 Chain Mail Armor
Maverick
7:29 Feudal Age
11:30 Castle Age
13:01 Bloodlines
13:47 Husbandry
15:04 Scale Barding Armor
16:23 Forging
20:15 Chain Barding Armor
Final_Tidus
5:09 Loom
5:59 Loom
6:38 Loom
8:24 Feudal Age
12:57 Castle Age
11:12 Double-Bit Axe
11:21 Gold Mining
17:54 Imperial Age
16:15 Bow Saw
17:05 Padded Archer Armor
19:50 Chemistry
19:26 Leather Archer Armor
Knightgenny_ITA
9:29 Feudal Age
10:21 Horse Collar
13:51 Castle Age
18:16 Imperial Age
18:44 Double-Bit Axe
22:26 Chemistry
Connection lost

Rejoining the realm…

Still unreachable

The connection could not be restored.

Session expired

The server has moved on; the page needs a fresh start.